 Dungeon Crawl Stone Soup version 0.31.0-11-ge490571c62 (webtiles) character file.

Game seed: 13104541439712200378

171 Bobbunny the Changeling (level 5, -1/41 HPs)
             Began as a Merfolk Shapeshifter on Jan 27, 2024.
             Slain by a gnoll
             ... wielding a +0 spear
              (2 damage)
             ... on level 4 of the Dungeon.
             The game lasted 00:02:26 (2797 turns).

Bobbunny the Changeling (Merfolk Shapeshifter)      Turns: 2797, Time: 00:02:27

Health: -1/41      AC:  3    Str: 17    XL:     5   Next: 51%
Magic:  5/5        EV: 12    Int: 13    God:
Gold:   111        SH:  0    Dex: 15    Spells: 4/4 levels left

rFire   . . .        t - +7 mace of Hubris {flame, rPois Will+ Int+4 Dex+2}
rCold   . . .        (no shield)
rNeg    . . .        r - +0 leather armour
rPois   +            (helmet currently unavailable)
rElec   .            (cloak currently unavailable)
rCorr   .            (gloves currently unavailable)
SInv    .            (boots currently unavailable)
Will    +....        (no amulet)
Stlth   +            (no ring)
HPRegen 0.26/turn    (no ring)
MPRegen 0.09/turn

%: no passive effects
@: beast-form
A: beast (slay +3), (nimble swimmer 2), mertail
a: Begin Untransformation


You were on level 4 of the Dungeon.
You were a hulking beast.
You visited 1 branch of the dungeon, and saw 4 of its levels.

You collected 111 gold pieces.

Inventory:

Hand Weapons
 t - the +7 mace of Hubris (weapon) {flame, rPois Will+ Int+4 Dex+2}
   (You found it on level 3 of the Dungeon)

   Int+4:     It affects your intelligence (+4).
   Dex+2:     It affects your dexterity (+2).
   rPois:     It protects you from poison Will+: It increases your willpower.
Missiles
 e - 6 boomerangs (quivered)
 q - a throwing net
Armour
 r - a +0 leather armour (worn)
Jewellery
 m - a +6 ring of intelligence
Talismans
 c - a beast talisman
 d - a flux talisman
Wands
 k - a wand of paralysis (2)
Scrolls
 a - a scroll of noise {unknown}
 g - a scroll of revelation {unknown}
 h - 2 scrolls of enchant armour {unknown}
 j - 2 scrolls of fear {unknown}
 n - a scroll of amnesia {unknown}
 o - a scroll of teleportation {unknown}
 u - a scroll of blinking
 v - a scroll of butterflies
Potions
 b - 2 potions of lignification
 f - a potion of magic {unknown}
 i - a potion of curing {unknown}
 p - a potion of ambrosia {unknown}
 s - a potion of might {unknown}
 w - 2 potions of heal wounds


   Skills:
 + Level 3.5 Fighting
 - Level 2.6 Dodging
 - Level 4.4 Unarmed Combat
 + Level 5.4 Shapeshifting


You had 4 spell levels left.
You didn't know any spells.
Your spell library contained the following spells:

 Spells                   Type           Power      Damage    Failure   Level
 Magic Dart               Conj           0%         1d3       36%         1
 Blink                    Tloc           0%         N/A       50%         2
 Call Imp                 Summ           0%         N/A       50%         2
 Ensorcelled Hibernation  Hex/Ice        0%         N/A       50%         2
 Passwall                 Erth           0%         N/A       75%         3
 Swiftness                Air            0%         N/A       75%         3
 Leda's Liquefaction      Alch/Erth      0%         N/A       98%         4
 Lee's Rapid Deconstruct  Erth           0%         3d4*      100%        5
 Bombard                  Conj/Erth      0%         9d1       100%        6


Dungeon Overview and Level Annotations

Branches:
Dungeon (4/15)
 Temple: D:4-7

Altars:
Hepliaklqana


Innate Abilities, Weirdness & Mutations

You are a hulking beast.
Your limbs bulge with bestial killing power. (Slay +3)
((You are very nimble when in or above water. (Stealth+, EV+, Speed+++)))
Your lower body shifts to a powerful aquatic tail in water.


Message History

The orc hits you with a +0 club.
You sock the orc! You burn the orc.
You kill the orc!
You completely miss the gnoll. The gnoll hits you with a +0 club.
You sock the gnoll! You burn the gnoll.
You kill the gnoll!
A gnoll comes into view. It is wielding a +0 halberd.
The gnoll shouts!
Items here: )) [ ††.
The gnoll hits you with a +0 halberd.
You closely miss the gnoll. The orc hits you with a +0 mace!
The gnoll barely misses you.
A gnoll comes into view. It is wielding a +0 spear.
You closely miss the gnoll. The orc hits you with a +0 mace.
The gnoll barely misses you. The gnoll hits you with a +0 halberd!
* * * LOW HITPOINT WARNING * * *
The orc closely misses you.
You are too injured to fight recklessly!
You are too injured to fight recklessly!
You are too injured to fight recklessly!
You are too injured to fight recklessly!
You are too injured to fight recklessly!
You are too injured to fight recklessly!
You are too injured to fight recklessly!
You are too injured to fight recklessly!
You are too injured to fight recklessly!
You are too injured to fight recklessly!
You are too injured to fight recklessly!
You are too injured to fight recklessly!
You are too injured to fight recklessly!
You are too injured to fight recklessly!
You hit the gnoll. You burn the gnoll.
The gnoll is heavily wounded.
The gnoll barely misses you. The orc misses you. The gnoll misses you.
You closely miss the gnoll.
The gnoll is heavily wounded.
The gnoll hits you with a +0 halberd!
* * * LOW HITPOINT WARNING * * *
The gnoll hits you from afar with a +0 spear.
You die...

...#.#.##### #.#
#. .....#.#.#
#.# #.
###...#.#.# #.#
#. ....#.#.# #.#
#. ....###.#.#
#....... ....
#.#.## ##
########
.....##.#..## ..
..
.......)##.o#g#
#.#
.......)..)hg.#
#.# ##
###......###..#
#.# #. ##...#..
..# #.# #.
#..#..#...
#######.#######.
#........##
#..............
#........#
##........†.....
#.....#.##
#......<........
#..# ....
........>.......
...#............


You could see 2 gnolls and an orc.

Vanquished Creatures
  A bombardier beetle (D:4)
  A jelly (D:2)
  A gnoll (D:4)
  2 adders (D:2)
  2 ribbon worms (D:2)
  6 orcs
  4 bats
  6 endoplasms
  3 giant cockroaches
  5 goblins
  4 hobgoblins
  8 jackals
  6 kobolds
  2 quokkas
  5 ball pythons
  3 frilled lizards
  7 rats
66 creatures vanquished.

Notes
Turn   | Place    | Note
-------+----------+-------------------------------------------
     0 | D:1      | Bobbunny the Merfolk Shapeshifter began the quest for the
                  | Orb.
     0 | D:1      | Reached XP level 1. HP: 15/15 MP: 1/1
   198 | D:1      | Reached XP level 2. HP: 18/21 MP: 2/2
   217 | D:1      | You fall into a shaft and drop 1 floor!
   347 | D:1      | Found a faded altar of an unknown god.
   936 | D:2      | Reached XP level 3. HP: 25/27 MP: 3/3
  1392 | D:2      | Reached XP level 4. HP: 22/34 MP: 4/4
  1675 | D:2      | Reached skill level 5 in Shapeshifting
  1860 | D:3      | Identified the +7 mace of Hubris {flame, rPois Will+ Int+4
                  | Dex+2}
  2176 | D:3      | Reached XP level 5. HP: 28/41 MP: 5/5
  2590 | D:3      | Found a hazy altar of Hepliaklqana.
  2797 | D:4      | HP: 1/41 [gnoll/+0 halberd (12)]
  2797 | D:4      | Slain by a gnoll

Illustrated notes

Levels and vault maps discovered:
D:1:      dpeg_arrival_windows_large_door, layout_loops_ring,
          basic_ecumenical_altar, minmay_misc_feat_square,
          minmay_misc_feat_more_columns
D:2:      layout_basic
D:3:      layout_loops_corners, worldfamousw_hep_ancestral_shrine
D:4:      layout_layer_cave, enter_ossuary_5, serial_co_window_serial,
          co_window_paths_a, co_window_paths_a, co_window_cross_1,
          co_window_paths_a, co_window_corner_a, co_window_paths_b,
          co_window_corner_a, co_window_corner_cb, co_window_broadway_a,
          co_window_of_opportunity_c, co_window_2corner, co_window_cross_4,
          co_window_paths_d, glass_columns_c, glass_columns_b, glass_columns_b,
          nicolae_shop_self_help

Skill      XL: |  1  2  3  4 |
---------------+-------------+-----
Fighting       | 2 3 |  3.5
Unarmed Combat | 4 |  4.4
Shapeshifting  | 5 |  5.4
Dodging        | |  2.6

Action                     |  1- 3 |  4- 6 || total
---------------------------+-------+-------++-------
  Melee: Unarmed           |    73 |    67 ||   140
         Punch             |     2 |     3 ||     5
         Mace              |       |    17 ||    17
    Use: Scroll            |       |     4 ||     4
   Stab: Sleeping          |     3 |     2 ||     5
 Armour: Animal skin       |    20 |       ||    20
         Leather armour    |     3 |    43 ||    46
  Dodge: Dodged            |    36 |    43 ||    79
